 Dungeon Crawl Stone Soup version 0.31-a0-848-gaac375c287 (webtiles) character file.

Game seed: 6169148315974155057

31 Kurtz the Sneak (level 3, -4/16 (17) HPs)
             Began as a Felid Delver on Oct 4, 2023.
             Was an Initiate of Gozag.
             Slain by Natasha (8 damage)
             ... on level 2 of the Dungeon.
             The game lasted 00:02:42 (560 turns).

Kurtz the Sneak (Felid Delver)                       Turns: 560, Time: 00:02:43

HP:   -4/16 (17)    AC:  1    Str:  8    XL:     3   Next: 7%
MP:   4/4           EV: 19    Int: 11    God:    Gozag
Gold: 39            SH:  0    Dex: 19    Spells: 2/2 levels left
                                        Lives: 0   Deaths: 1

rFire   . .          .
                       - Unarmed
rCold   . . .        (shield unavailable)
rNeg    . . .        (body armour unavailable)
rPois   .            (helmet unavailable)
rElec   .            (cloak unavailable)
rCorr   .            (gloves unavailable)
SInv    +            (boots unavailable)
Will    .....        (no amulet)
Stlth   ++++         (no ring)
HPRegen 0.22/turn    (no ring)
MPRegen 0.09/turn

%: no passive effects
@: gold aura, drained, quick
A: very small, claws 1, fangs 3, see invisible, speed 1, shaggy fur 1, stealthy
paws, no weapons or thrown items, no armour, multi-lived
a: Renounce Religion, Potion Petition, Call Merchant, Bribe Branch


You were on level 2 of the Dungeon.
You worshipped Gozag.
Gozag was noncommittal.
You visited 2 branches of the dungeon, and saw 5 of its levels.

You collected 51 gold pieces.
You paid 12 gold pieces to Gozag.

Inventory:

Wands
 e - a wand of digging (3)
Scrolls
 a - a scroll of vulnerability {unknown}
 b - a scroll of revelation


   Skills:
 - Level 3.0 Fighting
 * Level 3.9 Dodging
 - Level 6.6 Stealth
 * Level 2.9 Unarmed Combat


You had 2 spell levels left.
You didn't know any spells.
Your spell library contained the following spells:

 Spells                   Type           Power      Damage    Failure   Level
 Slow                     Hex            0%         N/A       34%         1
 Confusing Touch          Hex            0%         N/A       71%         3
 Sigil of Binding         Hex            0%         N/A       71%         3
 Vampiric Draining        Necr           0%         2d6       71%         3


Dungeon Overview and Level Annotations

Branches:
Dungeon (5/15)             Temple (1/1) D:5

Altars:
Ashenzari
Cheibriados
Dithmenos
Gozag
Hepliaklqana
Makhleb
Nemelex Xobeh
Okawaru
Qazlal
Sif Muna
Trog
Yredelemnul
The Shining One

Annotations:
D:2 Natasha
D:4 Grinder
D:5 1 exclusion


Innate Abilities, Weirdness & Mutations

You have sharp claws.
You have razor-sharp teeth.
You have supernaturally acute eyesight. (SInv)
You cover ground quickly. (Speed+)
You are covered in fur. (AC +1)
Your paws help you pounce on unaware monsters.
You are incapable of wielding weapons or throwing items.
You cannot wear armour.
You gain extra lives every three experience levels.


Message History

You feel drained.
You scratch the kobold.
You kill the kobold!
No target in view!
No target in view!
A quokka comes into view.
Things that are here:
6 gold pieces; a +1 dagger of draining A quokka is nearby!
Natasha, Servant of Life and Death comes into view.
Natasha hisses angrily.
Natasha casts a spell at you. The magic dart hits you. The quokka misses you.
You closely miss the quokka. The quokka closely misses you.
Natasha wildly gestures.
You feel disoriented.
You scratch the quokka.
The quokka is almost dead.
The quokka completely misses you.
You scratch the quokka.
You kill the quokka!
Natasha stares at you and mumbles some strange words.
The magic dart hits you!
Ouch! That really hurt!
* * * LOW HITPOINT WARNING * * *
You see here 5 gold pieces.
Natasha closely misses you.
You scratch Natasha.
Natasha is moderately wounded.
You closely miss Natasha.
Natasha is moderately wounded.
Natasha closely misses you.
You scratch Natasha.
Natasha is heavily wounded.
Natasha claws you!
Ouch! That really hurt!
You die...
Natasha curls up and begins to purr.
Your body crumbles into a pile of gold.

#.#######.#
#.# #####+##
#.# #......#
#.# #......#
#.# #......#
#.# #......#
#.# #......#
#.# #......#
#.###.h@...#
#..$...$..##
###########


You could see Natasha.

Vanquished Creatures
  An iguana (D:4)
  An orc (D:4)
  An endoplasm (D:4)
  A quokka (D:2)
  A kobold (D:2)
5 creatures vanquished.

Notes
Turn   | Place    | Note
-------+----------+-------------------------------------------
     0 | D:5      | Kurtz the Felid Delver began the quest for the Orb.
     0 | D:5      | Reached XP level 1. HP: 10/10 MP: 2/2
    53 | D:5      | Noticed an ogre
    88 | D:5      | Found a staircase to the Ecumenical Temple.
   108 | Temple   | Entered the Ecumenical Temple
   169 | D:5      | Noticed a scorpion
   233 | Temple   | Became a worshipper of Gozag Ym Sagoz the Greedy
   281 | D:5      | Noticed an iguana
   291 | D:4      | Noticed an iguana
   292 | D:4      | Killed an iguana
   293 | D:4      | Reached XP level 2. HP: 14/14 MP: 3/3
   311 | D:4      | Reached XP level 3. HP: 9/17 MP: 4/4
   427 | D:4      | Noticed a wyvern
   456 | D:4      | Noticed Grinder
   487 | D:3      | Demolished by a wyvern
   550 | D:2      | Noticed Natasha
   560 | D:2      | Slain by Natasha

Illustrated notes

Levels and vault maps discovered:
D:2:      layout_basic, basic_ecumenical_altar, dreamdust_wishing_well,
          uniq_natasha
D:3:      layout_loops_ring, gammafunk_ghost_necromancy
D:4:      layout_basic, minmay_cut_off, uniq_grinder
D:5:      layout_loops_ring, nicolae_uskayaw_murder_on_the_dancefloor,
          lemuel_tele_altar, minmay_temple_entry_wispy, grunt_ministairs_8,
          nrook_uturn
Temple:   oiseaux_autumnal_temple

Skill      XL: |  1 |
---------------+----+-----
Dodging        | 3 |  3.9
Fighting       | |  3.0
Stealth        | |  6.6
Unarmed Combat | |  2.9

Action                     || total
---------------------------++-------
  Melee: Unarmed           ||    14
    Use: Scroll            ||     4
         Potion            ||     1
   Stab: Sleeping          ||     1
 Armour: Skin              ||     7
  Dodge: Dodged            ||    15

Table legend: (Time is in decaauts)
 A = Elapsed time spent in this place.
 B = Non-inter-level travel time spent in this place.
 C = Inter-level travel time spent in this place.
 D = Time resting spent in this place.
 E = Time spent auto-exploring this place.
 F = Levels seen in this place.
 G = Mean time per level.
                   A        B        C        D        E       F      G
               +--------+--------+--------+--------+--------+-----+--------+
         Total |    463 |    375 |     88 |     34 |    129 |   5 |   92.6 |
       Dungeon |    374 |    371 |      3 |     34 |    129 |   4 |   93.5 |
        Temple |     88 |      3 |     85 |      0 |      0 |   1 |   88.0 |
               +--------+--------+--------+--------+--------+-----+--------+

Top non-repeatable levels by time:
     D:4: 154 daAuts
     D:5: 148 daAuts
  Temple: 88 daAuts
     D:2: 49 daAuts
     D:3: 22 daAuts
